 Dungeon Crawl Stone Soup version 0.29.1-1-gd02db6906a (webtiles) character file.

Game seed: 15264532518028312849

47126 croobank the Spry (level 14, 0/73 HPs)
             Began as a Felid Summoner on Oct 19, 2022.
             Was an Initiate of Gozag.
             Slain by a jorogumo (24 damage)
             ... on level 1 of the Spider Nest.
             The game lasted 03:25:54 (41600 turns).

croobank the Spry (Felid Summoner)                 Turns: 41600, Time: 03:25:54

Health: 0/73       AC:  3    Str:  6    XL:     14   Next: 7%
Magic:  13/28      EV: 36    Int: 21    God:    Gozag
Gold:   2363       SH:  0    Dex: 22    Spells: 0/37 levels left
                                        Lives:  0   Deaths: 3

rFire   + + .      SeeInvis +   (weapon unavailable)
rCold   + + .      Faith    .   (shield unavailable)
rNeg    . . .      Spirit   .   (body armour unavailable)
rPois   +          Reflect  .   (helmet unavailable)
rElec   .          Harm     .   (cloak unavailable)
rCorr   .          Rampage  .   (gloves unavailable)
Will    +++..                   (boots unavailable)
Stlth   +++.......              (no amulet)
HPRegen 0.22/turn               A - ring of protection from fire
MPRegen 0.21/turn               a - ring "Vinow" {rF+ rC+ Will+ Str+2 Dex+4 Slay-5}

@: studying Dodging, quick
A: very small, claws 1, fangs 3, see invisible, speed 1, shaggy fur 3, stealthy
paws, no weapons or thrown items, no armour, multi-lived, dopey 1, low MP 1,
poison resistance
a: Renounce Religion, Potion Petition, Call Merchant, Bribe Branch


You were on level 1 of the Spider Nest.
You worshipped Gozag.
Gozag was most pleased with you.
You visited 5 branches of the dungeon, and saw 26 of its levels.
You also visited: Ice Cave.

You collected 8426 gold pieces.
You spent 2912 gold pieces at shops.
You paid 3151 gold pieces to Gozag.

Inventory:

Jewellery
 a - the ring "Vinow" (right paw) {rF+ rC+ Will+ Str+2 Dex+4 Slay-5}
   (You found it on level 5 of the Dungeon)

   [ring of willpower]

   Str:       It affects your strength (+2).
   Dex:       It affects your dexterity (+4).
   Slay:      It affects your accuracy & damage with ranged weapons and melee
   (-5).
   rF:        It protects you from fire.
   rC:        It protects you from cold.
   Will:      It increases your willpower.
 e - a ring of wizardry
 h - a ring of protection from cold
 i - a +4 ring of evasion
 p - a ring of willpower
 r - a ring of willpower
 A - a ring of protection from fire (left paw)
 D - a ring of wizardry
 J - a +6 ring of intelligence
 K - a ring of positive energy
Wands
 s - a wand of flame (18)
 x - a wand of mindburst (10)
 z - a wand of polymorph (17)
 H - a wand of charming (12)
Scrolls
 c - 16 scrolls of teleportation
 f - 5 scrolls of vulnerability
 l - 4 scrolls of butterflies
 t - 4 scrolls of poison
 u - 4 scrolls of identify
 y - a scroll of silence
 B - 4 scrolls of noise
 C - a scroll of immolation
Potions
 b - 12 potions of ambrosia
 d - 3 potions of attraction
 g - 5 potions of resistance
 j - 10 potions of curing
 k - 6 potions of flight
 m - 4 potions of brilliance
 n - 4 potions of mutation
 v - a potion of lignification
Miscellaneous
 w - a condenser vane (inert)


   Skills:
 - Level 15.0 Fighting
 - Level 19.0 Dodging
 - Level 5.0 Stealth
 + Level 12.3 Spellcasting
 - Level 7.0 Hexes
 - Level 11.3 Summonings
 - Level 7.7 Translocations
 + Level 8.8 Transmutations
 + Level 9.6 Air Magic


You couldn't memorise any spells.
You knew the following spells:

 Your Spells              Type           Power      Damage    Failure   Level
a - Summon Small Mammal   Summ           100%       N/A       1%          1
b - Summon Mana Viper     Hex/Summ       51%        N/A       3%          5
c - Call Canine Familiar  Summ           57%        N/A       1%          3
d - Summon Guardian Gole  Hex/Summ       51%        N/A       1%          3
e - Summon Lightning Spi  Summ/Air       54%        N/A       1%          4
f - Summon Ice Beast      Ice/Summ       36%        N/A       4%          4
g - Mephitic Cloud        Conj/Pois/Air  26%        N/A       4%          3
h - Manifold Assault      Tloc           45%        N/A       6%          5
i - Storm Form            Tmut/Air       25%        N/A       69%         7
j - Wereblood             Tmut           50%        N/A       1%          2

Your spell library contained the following spells:

 Spells                   Type           Power      Damage    Failure   Level
 Beastly Appendage        Tmut           100%       N/A       1%          1
 Blink                    Tloc           90%        N/A       1%          2
 Call Imp                 Summ           57%        N/A       1%          2
 Static Discharge         Conj/Air       33%        3-8/arc   1%          2
 Confusing Touch          Hex            42%        N/A       1%          3
 Gell's Gravitas          Tloc           45%        N/A       1%          3
 Teleport Other           Tloc           45%        N/A       1%          3
 Tukima's Dance           Hex            42%        N/A       1%          3
 Spider Form              Tmut/Pois      31%        N/A       2%          3
 Passage of Golubria      Tloc           45%        N/A       2%          4
 Summon Forest            Summ/Tloc      26%        N/A       2%          5
 Dazzling Flash           Conj/Hex       54%        N/A       3%          3
 Blade Hands              Tmut           25%        N/A       3%          5
 Magic Dart               Conj           48%        1d5       4%          1
 Silence                  Hex/Air        23%        N/A       4%          5
 Yara's Violent Unravell  Hex/Tmut       23%        3d10      5%          5
 Sublimation of Blood     Necr           12%        N/A       8%          2
 Summon Cactus Giant      Summ           28%        N/A       8%          6
 Ice Form                 Ice/Tmut       31%        N/A       9%          4
 Petrify                  Tmut/Erth      31%        N/A       9%          4
 Frozen Ramparts          Ice            24%        1d4       16%         3
 Metabolic Englaciation   Hex/Ice        13%        N/A       32%         5
 Dispersal                Tloc           22%        N/A       32%         6
 Summon Hydra             Summ           28%        N/A       38%         7
 Dispel Undead            Necr           12%        3d9       45%         4
 Sticky Flame             Conj/Fire      12%        2d4       45%         4
 Conjure Ball Lightning   Conj/Air       16%        3x3d6     73%         6
 Eringya's Noxious Bog    Tmut/Pois      15%        N/A       78%         6
 Statue Form              Tmut/Erth      20%        N/A       78%         6
 Agony                    Necr           12%        N/A       80%         5
 Fireball                 Conj/Fire      6%         3d5       80%         5
 Iskenderun's Battlesphe  Conj           12%        2d7       80%         5
 Enfeeble                 Hex            21%        N/A       94%         7
 Starburst                Conj/Fire      6%         6d4       100%        6
 Orb of Destruction       Conj           6%         9d6       100%        7
 Ignition                 Fire           6%         3d4       100%        8
 Lehudib's Crystal Spear  Conj/Erth      6%         10d3      100%        8
 Portal Projectile        Hex/Tloc       Unusable   N/A       N/A         3

Dungeon Overview and Level Annotations

Branches:
Dungeon (15/15)            Temple (1/1) D:4            Lair (5/5) D:11
 Shoals (0/4) Lair:2       Spider (3/4) Lair:3        Slime (0/5) Lair:5
    Orc (2/2) D:9             Elf (0/3) Orc:2        Vaults (0/5) D:13
 Depths (0/4) D:15          IceCv (visited)

Altars:
Ashenzari
Cheibriados
Dithmenos
Elyvilon
Fedhas
Gozag
Hepliaklqana
Kikubaaqudgha
Makhleb
Nemelex Xobeh
Okawaru
Qazlal
Ru
Sif Muna
Trog
Uskayaw
Vehumet
Wu Jian
Xom
Yredelemnul
Zin
The Shining One

Shops:
D:1 :   D:7 ?   D:11 *:   D:12 [   D:15 [?   Orc:2 =*:*:

Annotations:
D:4 1 runed translucent door, Crazy Yiuf
D:13 3 runed translucent doors, Zeld's ghost, journeyman MiBe


Innate Abilities, Weirdness & Mutations

You have sharp claws.
You have razor-sharp teeth.
You have supernaturally acute eyesight. (SInv)
You cover ground quickly. (Speed+)
Your thick and shaggy fur keeps you warm. (AC +3, rC+)
Your paws help you pounce on unaware monsters.
You are incapable of wielding weapons or throwing items.
You cannot wear armour.
You gain extra lives every three experience levels.
You are dopey. (Int -2)
Your magical capacity is low. (-10% MP)
Your system is resistant to poisons. (rPois)


Message History

Attack!
Your lightning spire shoots out a bolt of lightning at the jorogumo!
The bolt of electricity hits the jorogumo!!
The jorogumo hits your lightning spire! What are your orders? t - Meow!
Orders for allies: a - Attack new target. p - Attack previous target. r - Retreat! s - Stop attacking. g - Guard the area. f - Follow me.
Anything else - Cancel.
Gang up on whom?
Press: ? - help, Dir - move target, f/p - jorogumo
Aim: a jorogumo (almost dead, not watching you, ally target, magic disrupted) Attack!
The jorogumo hits your lightning spire!
Your lightning spire is destroyed!
Your lightning spire disappears in a puff of smoke!
What are your orders? t - Meow!
Orders for allies: a - Attack new target. p - Attack previous target. r - Retreat! s - Stop attacking. g - Guard the area. f - Follow me.
Anything else - Cancel.
Gang up on whom?
Press: ? - help, Dir - move target, f/p - jorogumo
Aim: a jorogumo (almost dead, unaware, magic disrupted, hasn't noticed you) Attack!
The jorogumo completely misses you.
You barely miss the jorogumo.
The jorogumo is almost dead.
The jorogumo hits you!
You feel yourself slow down.
You scratch the jorogumo but do no damage.
The jorogumo is almost dead.
You feel yourself speed up.
The jorogumo's magic is no longer disrupted.
The jorogumo stares at you and mumbles some strange words.
The stream of webbing hits you but does no damage.
You are caught in a web!
The jorogumo completely misses you.
The web tears apart.
The jorogumo hits you!!
You die...
Your body crumbles into a pile of gold.

##.......##.........#.......##...
#^...#..##........###........##..
##.######........##.....#........
####### ##...^...#......#........
...##^# #..#...##.....^###......
......########..#..^.....^#######
........# ######.......###.....
........#####....##.....##......#
........#......H@.#..............
##?#..........>...##.........##..
.###...............#.........##..
#####.......#.............(...#..
..######...#####.........#....#..
..#.##.##.##.......###...#...##..
..#.....###..........##..#....#..
......>...............#..#....###
##...............###..#..##....#.


You could see a jorogumo.

Vanquished Creatures
  A hydra (Lair:5)
  A jorogumo (Spider:3)
  Sonja (Lair:5)
  A wolf spider (Spider:3)
  A cane toad (Lair:5)
  A troll (D:13)
  A jumping spider (Spider:3)
  A culicivora (Spider:3)
  A wyvern (D:7)
  2 yaks (Lair:5)
  A redback (Spider:3)
  A centaur (D:9)
  A bullfrog (D:7)
  A killer bee (D:10)
  2 electric eels (Spider:2)
  3 jellies (Lair:5)
  An orc wizard (Orc:1)
  An adder (D:2)
  A dart slug (D:3)
  2 orcs
  6 bats
  A hobgoblin (D:1)
  2 kobolds
  2 quokkas
36 creatures vanquished.

Vanquished Creatures (collateral kills)
  Arachne (Spider:2)
  Jorgrun (Spider:1)
  Asterion (Spider:1)
  Gastronok (Orc:1)
  Kirke (D:13)
  An emperor scorpion (Spider:1)
  An entropy weaver (Spider:1)
  2 hydras
  A catoblepas (Lair:5)
  2 centaur warriors
  2 two-headed ogres
  5 death yaks (Lair:5)
  4 orc high priests (Orc:2)
  A radroach (Spider:1)
  4 pharaoh ants
  2 steelbarb worms (Spider:1)
  4 orb spiders
  A necromancer (D:15)
  A deep elf zephyrmancer (D:15)
  3 oklob plants (Lair:4)
  A wizard (D:15)
  An orc knight (D:15)
  7 ugly things
  A deep elf pyromancer (D:14)
  3 orc sorcerers
  6 wolf spiders
  A faun (shapeshifter) (D:15)
  5 manticores
  15 elephants
  5 cyclopes
  A naga mage (D:15)
  7 black mambas
  A centaur zombie (D:15)
  4 cane toads
  2 torpor snails
  A gargoyle (D:13)
  3 kobold demonologists (D:11)
  A rime drake (Lair:1)
  A freezing wraith (D:12)
  An unseen horror (D:12)
  3 demonic crawlers (Spider:1)
  8 komodo dragons
  An efreet (D:15)
  6 trolls
  A wolf spider simulacrum (D:15)
  2 hornets
  7 tarantellas
  6 slime creatures
  4 dream sheep (Lair:4)
  14 blink frogs
  A meliai zombie (D:15)
  4 culicivoras (Spider:1)
  4 jumping spiders (Spider:1)
  3 wraiths (Lair:5)
  A shadow (D:9)
  25 yaks
  5 basilisks
  2 hogs (D:13)
  A wyvern (Lair:5)
  5 humans (D:13)
  A steam dragon (D:10)
  9 redbacks
  5 vampire mosquitoes (D:13)
  11 water moccasins
  A floating eye (Lair:4)
  An acid dragon (D:12)
  12 orc warriors
  Duvessa (D:4)
  3 sky beasts
  A great orb of eyes simulacrum (IceCv)
  A black bear (D:7)
  3 ogres
  13 wolves
  9 centaurs
  2 slime creature simulacra (IceCv)
  Blork the orc (D:6)
  A phantom (D:6)
  4 kobold brigands
  A glowing shapeshifter simulacrum (IceCv)
  10 bullfrogs
  2 necrophages
  3 scorpions
  4 wights
  13 killer bees
  4 hounds
  9 jellies
  3 gnoll boudas
  22 orc priests
  4 iguanas
  26 orc wizards
  2 shapeshifter simulacra (IceCv)
  Robin (D:4)
  17 gnolls
  7 adders
  A white imp (D:7)
  2 ufetubi
  A worm (D:2)
  38 orcs
  8 ball pythons
  5 endoplasms
  4 giant cockroaches
  18 goblins
  13 hobgoblins
  2 jackals (D:5)
  25 kobolds
  5 quokkas
  10 bats
  3 frilled lizards (D:1)
  2 rats
553 creatures vanquished.

Vanquished Creatures (others)
  3 vault guards (D:13)
  Josephine (Lair:5)
  2 catoblepae (Lair:5)
  A radroach (Spider:1)
  A boulder beetle (Lair:5)
  A centaur warrior (D:14)
  A two-headed ogre (D:9)
  4 death yaks (Lair:5)
  2 manticores
  8 ugly things
  A cyclops (D:13)
  4 elephants
  A slime creature (IceCv)
  A black mamba (Lair:5)
  A gargoyle (D:12)
  3 cane toads
  A torpor snail (Lair:5)
  A freezing wraith (D:15)
  A komodo dragon (Lair:5)
  A queen bee (D:10)
  2 blink frogs
  4 tarantellas
  2 hornets (D:7)
  3 culicivoras
  2 wraiths (Lair:5)
  A wyvern (D:7)
  24 yaks
  5 humans (D:13)
  2 vampire mosquitoes (D:13)
  A redback (Spider:2)
  A warg (D:9)
  5 water moccasins
  An orc warrior (D:9)
  A black bear (D:7)
  An ogre (D:5)
  5 centaurs
  3 wolves (Lair:2)
  A bullfrog (D:7)
  2 wights (D:9)
  Dowan (D:4)
  16 killer bees
  3 orc wizards
  A shapeshifter simulacrum (IceCv)
  2 gnolls
  A shadow imp (D:5)
  An orc (D:15)
  2 demonic plants (D:1)
  70 fungi
  71 plants
273 creatures vanquished.

Grand Total: 862 creatures vanquished

Notes
Turn   | Place    | Note
-------+----------+-------------------------------------------
     0 | D:1      | croobank the Felid Summoner began the quest for the Orb.
     0 | D:1      | Reached XP level 1. HP: 7/7 MP: 4/4
   196 | D:1      | Reached skill level 3 in Dodging
   207 | D:1      | Reached XP level 2. HP: 11/11 MP: 3/6
   388 | D:1      | Learned a level 2 spell: Call Imp
   456 | D:1      | Found a faded altar of an unknown god.
   456 | D:1      | Noticed a sun demon
   613 | D:1      | Found Jeaxzaase's Book Boutique.
   979 | D:2      | Reached XP level 3. HP: 14/14 MP: 3/7
   983 | D:2      | Learned a level 3 spell: Call Canine Familiar
  1700 | D:2      | Reached XP level 4. HP: 18/18 MP: 5/8
  3119 | D:3      | Reached skill level 4 in Dodging
  3702 | D:4      | Noticed Robin
  3722 | D:4      | Killed Robin
  3723 | D:4      | Reached XP level 5. HP: 20/21 MP: 3/10
  3813 | D:4      | Learned a level 3 spell: Summon Guardian Golem
  3872 | D:4      | Noticed Dowan
  3883 | D:4      | Noticed Duvessa
  3909 | D:5      | Entered Level 5 of the Dungeon
  3985 | D:5      | Reached skill level 1 in Fighting
  4289 | D:5      | Noticed an ogre
  4311 | D:5      | Killed an ogre
  4312 | D:5      | Reached skill level 1 in Hexes
  4361 | D:5      | Gained mutation: You are covered in thick fur. (AC +2)
                  | [Felid growth]
  4361 | D:5      | Reached XP level 6. HP: 25/25 MP: 0/11
  4371 | D:5      | Found a burning altar of Makhleb.
  4739 | D:4      | Found a runed translucent door.
  4740 | D:4      | Noticed Crazy Yiuf
  4773 | D:4      | Reached skill level 5 in Stealth
  4773 | D:4      | Reached skill level 5 in Summonings
  4980 | D:4      | Found a staircase to the Ecumenical Temple.
  4989 | Temple   | Entered the Ecumenical Temple
  6017 | D:4      | Reached skill level 5 in Dodging
  6123 | D:4      | Gained mutation: Your system is resistant to poisons.
                  | (rPois) [potion of mutation]
  6388 | D:5      | Reached XP level 7. HP: 30/30 MP: 1/13
  6393 | D:5      | Learned a level 4 spell: Summon Lightning Spire
  6617 | D:5      | Identified the ring "Vinow" {rF+ rC+ Will+ Str+2 Dex+4
                  | Slay-5}
  6670 | D:5      | Found an opulent altar of Gozag.
  6695 | D:5      | Became a worshipper of Gozag Ym Sagoz the Greedy
  6705 | D:5      | Found a stormy altar of Qazlal.
  6728 | D:5      | Found an ancient bone altar of Kikubaaqudgha.
  7178 | D:6      | Reached skill level 1 in Air Magic
  7652 | D:6      | Reached skill level 6 in Dodging
  7652 | D:6      | Reached XP level 8. HP: 34/34 MP: 4/15
  8104 | D:6      | Noticed Blork the orc
  8124 | D:6      | Killed Blork the orc
  8125 | D:6      | Reached skill level 5 in Hexes
  8179 | D:6      | Found a hazy altar of Hepliaklqana.
  8590 | D:7      | Found a glowing golden altar of the Shining One.
  8737 | D:4      | Killed Duvessa
  8965 | D:4      | Killed Dowan
  9840 | D:7      | Found Visy's Magic Scroll Shoppe.
  9896 | D:7      | Reached skill level 7 in Dodging
 10085 | D:7      | Noticed a hornet
 10095 | D:7      | Killed a hornet
 10096 | D:7      | Reached skill level 5 in Spellcasting
 10096 | D:7      | Reached XP level 9. HP: 39/39 MP: 11/17
 10231 | D:7      | Reached skill level 5 in Fighting
 10277 | D:7      | Reached skill level 8 in Dodging
 10971 | D:7      | Reached XP level 10. HP: 45/45 MP: 10/20
 11203 | D:7      | Reached skill level 9 in Dodging
 11503 | D:1      | Bought a manual of Dodging for 800 gold pieces
 11823 | D:8      | Reached skill level 5 in Air Magic
 12162 | D:8      | Reached skill level 10 in Dodging
 12237 | D:8      | Identified the +0 leather armour of Fuejevur {rC+}
 12816 | D:9      | Reached skill level 11 in Dodging
 13044 | D:9      | Found a hide-covered altar of Uskayaw.
 13079 | D:9      | Noticed a two-headed ogre
 13086 | D:9      | Killed a two-headed ogre
 13087 | D:9      | Reached XP level 11. HP: 50/50 MP: 8/22
 13305 | D:9      | Found a staircase to the Orcish Mines.
 13910 | D:10     | Entered Level 10 of the Dungeon
 14323 | D:10     | Reached skill level 12 in Dodging
 15775 | D:11     | Reached skill level 13 in Dodging
 15904 | D:11     | Found a staircase to the Lair.
 15933 | D:11     | Found a radiant altar of Vehumet.
 16417 | D:11     | Noticed a two-headed ogre
 16434 | D:11     | Killed a two-headed ogre
 16659 | D:12     | Found an iron altar of Okawaru.
 16685 | D:11     | Bought an Inescapable Atlas for 476 gold pieces
 16690 | D:11     | Learned a level 4 spell: Summon Ice Beast
 16694 | D:11     | Learned a level 3 spell: Mephitic Cloud
 16990 | D:12     | Found Marhink's Antique Armour Shop.
 17118 | D:12     | Reached skill level 14 in Dodging
 17124 | D:12     | Gained mutation: Your thick and shaggy fur keeps you warm.
                  | (AC +3, rC+) [Felid growth]
 17124 | D:12     | Reached XP level 12. HP: 56/56 MP: 13/25
 18116 | D:13     | Reached skill level 10 in Summonings
 18202 | D:13     | Noticed Kirke
 18228 | D:13     | Killed Kirke
 18403 | D:13     | Reached skill level 15 in Dodging
 18503 | D:13     | Hit by a large rock thrown by a cyclops
 18504 | D:13     | Reached XP level 11. HP: -9/53 MP: 19/24
 18627 | D:13     | Noticed a centaur warrior
 18637 | D:13     | Killed a centaur warrior
 18748 | D:13     | Noticed a death knight
 18756 | D:13     | Noticed a tengu warrior
 18757 | D:13     | Noticed a frost giant
 18814 | D:13     | Noticed a death knight
 18820 | D:13     | Found a runed translucent gate.
 18820 | D:13     | Found a runed translucent gate.
 18820 | D:13     | Found a runed translucent gate.
 18860 | D:13     | Noticed Zeld's ghost (journeyman MiBe)
 18861 | D:13     | Noticed a hell knight
 19161 | Lair:1   | Entered Level 1 of the Lair of Beasts
 19199 | Lair:1   | Reached skill level 16 in Dodging
 19581 | Lair:1   | Reached skill level 10 in Fighting
 20148 | Lair:1   | Reached XP level 12. HP: 58/58 MP: 16/26
 20204 | Lair:1   | Reached skill level 17 in Dodging
 20986 | Lair:2   | Found a staircase to the Shoals.
 21209 | Lair:2   | Reached skill level 10 in Spellcasting
 22808 | Lair:3   | Found a hole to the Spider Nest.
 22812 | Lair:3   | Reached skill level 18 in Dodging
 23238 | Lair:4   | Noticed a six-headed hydra
 23261 | Lair:4   | Killed a six-headed hydra
 23860 | Lair:4   | Reached skill level 19 in Dodging
 24493 | Lair:4   | Paralysed by a floating eye for 2 turns
 24520 | Lair:4   | Reached XP level 13. HP: 65/65 MP: 9/28
 24952 | Lair:5   | Entered Level 5 of the Lair of Beasts
 25110 | Lair:5   | Noticed Josephine
 25122 | Lair:5   | Killed Josephine
 26288 | Lair:5   | Noticed Sonja
 26295 | Lair:5   | Killed Sonja
 26441 | Lair:5   | Found a staircase to the Slime Pits.
 26555 | Lair:5   | Reached skill level 15 in Fighting
 26868 | Lair:5   | Reached skill level 1 in Translocations
 26991 | Lair:5   | Reached skill level 1 in Transmutations
 27607 | Lair:5   | Reached XP level 14. HP: 73/73 MP: 24/29
 27828 | Lair:5   | Reached skill level 5 in Translocations
 28407 | Lair:2   | Learned a level 5 spell: Manifold Assault
 28496 | Orc:1    | Entered Level 1 of the Orcish Mines
 28496 | Orc:1    | Found a burning altar of Makhleb.
 28523 | Orc:1    | Found a frozen archway.
 28543 | IceCv    | Entered an ice cave
 29090 | IceCv    | Learned a level 7 spell: Storm Form
 29269 | Orc:1    | Noticed Gastronok
 29287 | Orc:1    | Killed Gastronok
 29957 | Orc:1    | Learned a level 2 spell: Wereblood
 29958 | Orc:2    | Entered Level 2 of the Orcish Mines
 30117 | Orc:2    | Found a staircase to the Elven Halls.
 30152 | Orc:2    | Gained mutation: You are dopey. (Int -2) [mutagenic glow]
 31718 | Orc:2    | Reached skill level 5 in Transmutations
 32214 | Orc:2    | Found Qoguidagh's Jewellery Shop.
 32214 | Orc:2    | Found Savotil's General Store.
 32215 | Orc:2    | Found Wiograbb's Book Boutique.
 32219 | Orc:2    | Found Ceateuw's Assorted Antiques.
 32224 | Orc:2    | Bought a book of Misfortune for 396 gold pieces
 32230 | Orc:2    | Bought a ring of protection from fire for 300 gold pieces
 32231 | Orc:2    | Bought the Lectures on Wanderlust for 330 gold pieces
 32571 | Orc:2    | Bought a book of Touch for 338 gold pieces
 33621 | D:13     | Found a gate to the Vaults.
 35419 | D:15     | Entered Level 15 of the Dungeon
 35894 | D:15     | Found Udusir Hetia's Armour Shoppe.
 35894 | D:15     | Found Luych's Magic Scroll Boutique.
 35912 | D:15     | Identified a scroll of acquirement
 35913 | D:15     | Acquired a book of the Wilderness
 36369 | D:15     | Reached XP level 15. HP: 27/77 MP: 1/31
 37394 | D:15     | Found a staircase to the Depths.
 37735 | Spider:1 | Entered Level 1 of the Spider Nest
 37768 | Spider:1 | Identified the +2 kite shield "Xodiotow" {rF- rC+ Stlth+}
 37768 | Spider:1 | Noticed Asterion
 38156 | D:7      | Bought a scroll of blinking for 97 gold pieces
 38156 | D:7      | Bought a scroll of summoning for 123 gold pieces
 38156 | D:7      | Bought a scroll of amnesia for 52 gold pieces
 38163 | D:7      | Learned a level 5 spell: Summon Mana Viper
 38287 | Spider:1 | Gained mutation: Your magical capacity is low. (-10% MP) [a
                  | cacodemon]
 38303 | Spider:1 | Noticed Jorgrun
 38303 | Spider:1 | Killed Asterion
 38306 | Spider:1 | HP: 5/115 [wolf spider (6)]
 38311 | Spider:1 | Slain by a culicivora
 38312 | Spider:1 | Reached XP level 14. HP: 0/109 MP: 17/27
 38377 | Spider:1 | Killed Jorgrun
 38730 | Spider:2 | HP: 3/73 [electric eel/bolt of electricity (12)]
 39172 | Spider:2 | Noticed Arachne
 39233 | Spider:1 | Blown up by an orb spider
 39234 | Spider:1 | Reached XP level 13. HP: -11/69 MP: 3/26
 39394 | Spider:1 | Killed an entropy weaver
 40494 | Spider:2 | Noticed an emperor scorpion
 40511 | Spider:1 | Killed an emperor scorpion
 41123 | Spider:2 | Killed Arachne
 41263 | Spider:3 | Reached XP level 14. HP: 55/73 MP: 1/28
 41600 | Spider:1 | Slain by a jorogumo

Illustrated notes

Levels and vault maps discovered:
D:1:      psy_arrival_wood_between_worlds, layout_loops_ring,
          dreamdust_ecumenical_altar_sealed_demon, serial_shops, shop_statue,
          ebering_dispersal_statue_hall
D:2:      layout_loops_corners
D:3:      layout_basic
D:4:      old_forge, layout_basic, minmay_temple_entry_junction,
          hangedman_decor_lopped, hangedman_decor_opposing, uniq_duvessa,
          uniq_crazy_yiuf_cottage, uniq_robin
D:5:      layout_rooms, nicolae_overflow_quartered_altars, serial_curves,
          eino_curves_04, eino_curves_04
D:6:      layout_cave_pods, nicolae_hepliaklqana_hippocampus, uniq_blork_the_orc
D:7:      minmay_polygon_palace, layout_basic, mainiacjoe_overflow_24_doors,
          serial_shops, nicolae_square_shop
D:8:      layout_cave_pools, enter_bailey_3
D:9:      layout_long_grid, eat_drink_and_be_merry_uskayaw, david_orc_3
D:10:     layout_gridville, special_room [special_room_bee]
D:11:     layout_rooms, lair_entry_dummy, fiery_altar_vehumet
D:12:     layout_roguey, serial_shops, nicolae_lakefront_shop,
          okawaru_metal_pillars_1_2
D:13:     layout_gridville, ximxim_vaults_locker_room, gammafunk_ghost_split,
          uniq_kirke
D:14:     layout_loops_ring, chequers_serial_rivers_micro_d
D:15:     grunt_enter_depths_magical_seal, layout_small_grid, serial_shops,
          shop, shop
Temple:   nicolae_temple_bog_church
Lair:1:   layout_small_grid, beast_lair_carwin_1, lemuel_fruit_tree,
          grunt_megastairs_5
Lair:2:   layout_concentric_octagons, elwin_shoals_entry_rocks,
          infiniplex_staircase_pool_2
Lair:3:   layout_regular_city, nicolae_spider_entry_orb_guardian
Lair:4:   layout_loops_ring, disabler_island
Lair:5:   evilmike_catoblepas_cave, layout_loops_ring,
          minmay_slime_entry_jelly_boxes, serial_bayou_shore_b,
          lemuel_fruit_fields, grunt_megastairs_1, uniq_sonja, uniq_josephine
Spider:1: layout_spider_delve, uniq_jorgrun, uniq_asterion
Spider:2: layout_spider_delve, uniq_arachne
Spider:3: layout_spider_delve, nicolae_spider_webs_and_nodes, uniq_roxanne
Orc:1:    layout_diamond_mine, portal_ice_cave_entry_pillars_2, bloody_makhleb,
          uniq_gastronok
Orc:2:    st_orc_mages, layout_caves

Skill      XL: |  1  2  3  4  5  6  7  8  9 10 11 12 13 14 15 |
---------------+----------------------------------------------+-----
Dodging        | 3 4 5 6 7 8 11 16 19 | 19.0
Stealth        | 3 4 5 |  5.0
Fighting       | 1 2 3 4 5 7 10 12 15 | 15.0
Spellcasting   | 3 4 5 6 7 9 10 12 11 | 12.3
Hexes          | 1 3 4 5 7 6 |  7.0
Summonings     | 5 6 7 8 9 10 11 | 11.3
Air Magic      | 1 3 4 5 7 9 8 |  9.6
Translocations | 3 7 |  7.7
Transmutations | 8 6 7 |  8.8

Action                   |  1- 3 |  4- 6 |  7- 9 | 10-12 | 13-15 || total
-------------------------+-------+-------+-------+-------+-------++-------
Melee: Unarmed           |    22 |    46 |    21 |    59 |   114 ||   262
       Bite              |     1 |     3 |     5 |    10 |     6 ||    25
       Punch             |     1 |       |       |     1 |       ||     2
 Cast: Summon Small Mamm |    45 |    68 |    54 |    92 |    22 ||   281
       Call Imp          |     3 |     7 |    16 |    28 |     8 ||    62
       Call Canine Famil |     4 |    32 |    35 |    74 |    35 ||   180
       Summon Guardian G |       |    10 |    18 |    61 |    94 ||   183
       Summon Lightning  |       |       |    10 |   102 |   183 ||   295
       Summon Ice Beast  |       |       |       |     7 |    90 ||    97
       Mephitic Cloud    |       |       |       |     1 |     3 ||     4
       Summon Mana Viper |       |       |       |       |    26 ||    26
       Manifold Assault  |       |       |       |       |    12 ||    12
       Wereblood         |       |       |       |       |     4 ||     4
Invok: Call Merchant     |       |       |       |     2 |     1 ||     3
       Potion Petition   |       |       |       |       |     2 ||     2
Evoke: Wand              |       |       |     1 |     5 |    16 ||    22
       Condenser vane    |       |       |       |       |     2 ||     2
  Use: Scroll            |       |    12 |     4 |     7 |    20 ||    43
       Potion            |       |     4 |     1 |     2 |    14 ||    21
 Stab: Sleeping          |     3 |     3 |     1 |       |       ||     7
       Distracted        |       |     1 |       |     1 |     3 ||     5
       Invisible         |       |       |       |       |     3 ||     3
Armor: Skin              |     4 |     5 |       |     3 |    36 ||    48
Dodge: Dodged            |    30 |    74 |    57 |   236 |   565 ||   962
